 Dungeon Sprint DCSS version 0.31-a0-4-gefa6de2278 (webtiles) character file.

Game seed: 14943901109785488194

156 fozzywoppz the Sneak (level 5, 0/31 HPs)
             Began as an Octopode Hedge Wizard on May 4, 2023.
             Killed from afar by a deep elf pyromancer (31 damage)
             ... with a bolt of fire
             ... in the Dungeon (Sprint III: "The Ten Rune Challenge").
             The game lasted 00:01:50 (125 turns).

fozzywoppz the Sneak (Octopode Hedge Wizard)         Turns: 125, Time: 00:01:50

Health: 0/31       AC:  3    Str: 15    XL:     5   Next: 38%
Magic:  11/11      EV: 14    Int: 16    God:
Gold:   25         SH:  0    Dex: 10    Spells: 11/12 levels left

rFire   . . .        a - +0 dagger
rCold   . . .        (no shield)
rNeg    . . .        b - +0 hat
rPois   .            (no amulet)
rElec   .            (no ring)
rCorr   .            (no ring)
SInv    .            (no ring)
Will    .....        (no ring)
Stlth   ++++         (no ring)
HPRegen 0.25/turn    (no ring)
MPRegen 0.12/turn    (no ring)
                     (no ring)

%: no teleportation
@: no status effects
A: almost no armour, amphibious, 8 rings, camouflage 1, gelatinous body 1,
(nimble swimmer 1), tentacles, iridescent scales 1, strong 1
a: no special abilities


You were in the Dungeon.
You visited 1 branch You collected 25 gold pieces.

Inventory:

Hand Weapons
 a - a +0 dagger (weapon)
Armour
 b - a +0 hat (worn)
Scrolls
 e - a scroll of poison {unknown}
 h - a scroll of blinking
 i - a scroll of silence {unknown}
 j - 4 scrolls of identify
 l - a scroll of torment {unknown}
Potions
 c - 3 potions of magic
 d - a potion of curing
 f - 2 potions of haste
 g - a potion of berserk rage
 k - 2 potions of flight
 n - 3 potions of mutation


   Skills:
 + Level 5.4 Short Blades
 + Level 5.5 Dodging
 + Level 7.6 Stealth
 - Level 4.0 Spellcasting
 - Level 3.0 Conjurations
 - Level 2.0 Summonings
 - Level 2.0 Translocations


You had 11 spell levels left.
You knew the following spells:

 Your Spells              Type           Power      Damage    Failure   Level
a - Magic Dart            Conj           48%        1d5       4%          1

Your spell library contained the following spells:

 Spells                   Type           Power      Damage    Failure   Level
 Blink                    Tloc           18%        N/A       11%         2
 Call Imp                 Summ           18%        N/A       11%         2
 Slow                     Hex            12%        N/A       17%         1
 Cigotuvi's Dreadful Rot  Necr/Pois/Air  6%         N/A       26%         2
 Mephitic Cloud           Conj/Pois/Air  6%         N/A       32%         3


Dungeon Overview and Level Annotations

Branches:
Dungeon (1/1)

Altars:
Elyvilon
Kikubaaqudgha
Sif Muna
Vehumet
Zin
The Shining One


Innate Abilities, Weirdness & Mutations

You cannot wear most types of armour.
You are amphibious.
You can wear up to eight rings at the same time.
Your skin changes colour to match your surroundings (Stealth+).
Your rubbery body absorbs attacks. (AC +1, EV +1)
((You are camouflaged when in or above water. (Stealth+)))
You have tentacles for arms and can constrict up to eight enemies at once.
You are partially covered in iridescent scales. (AC +2)
Your muscles are strong. (Str +4, Int/Dex -1)


Message History

You kill the kobold demonologist!
Your Short Blades skill increases to level 5!
Your Dodging skill increases to level 5!
You have reached level 5!
You feel clever.
The wizard casts a spell.
The wizard blinks!
There is an open door here.
There is a radiant altar of Vehumet here.
You hit the wizard. Your grab misses the wizard.
The wizard is lightly wounded.
The wizard casts a spell at you.
You hit the wizard. You grab the wizard.
The wizard is moderately wounded.
You constrict the wizard.
You catch the helpless wizard completely off-guard!
You puncture the wizard!
You kill the wizard!
Your Stealth skill increases to level 7!
Unknown command.
Press < or > to pray at altars.
Things that are here:
a +0 dagger; a +0 robe; a human corpse
There is an open door here.
You flicker for a moment.
You open the door.
Found three altars.
A deep elf pyromancer comes into view.
It is wielding a +1 long sword of holy wrath.
Found a potion of heal wounds.
You flicker back into view.
There is an open door here.
The helpless deep elf pyromancer fails to defend itself.
You skewer the deep elf pyromancer like a kebab!!!
Your grab misses the deep elf pyromancer.
Your squeeze misses the deep elf pyromancer.
The deep elf pyromancer is almost dead.
The deep elf pyromancer casts a spell at you.
The bolt of fire hits you!!
Ouch! That really hurt!
You die...

▓▓▓▓▓ ▓▓▓ #...####
##.#####
#......#####..#___#
#.....†.#..#..#e@.#
##.##...#..#..###'#+###+#
##.###..##'#..#..........
###.##..###...'.⌠........
#..##..####...#...######+
...##..###....#.⌠.#
..##...##.....#...#
.##....#..†...#'###
###..##.#..)..#)::#


You could see a deep elf pyromancer.

Vanquished Creatures
  A water elemental (D)
  Crazy Yiuf (D)
  A wizard (D)
  A kobold demonologist (D)
  A human (D)
  An endoplasm (D)
  3 rats (D)
9 creatures vanquished.

Notes
Turn   | Place    | Note
-------+----------+-------------------------------------------
     0 | D        | fozzywoppz the Octopode Hedge Wizard began the quest for
                  | the Orb.
     0 | D        | Reached XP level 1. HP: 11/11 MP: 4/4
    12 | D        | Reached skill level 3 in Stealth
    49 | D        | Noticed Crazy Yiuf
    53 | D        | Killed Crazy Yiuf
    54 | D        | Reached skill level 4 in Stealth
    54 | D        | Reached XP level 2. HP: 17/17 MP: 4/6
    54 | D        | Reached XP level 3. HP: 21/21 MP: 5/8
    88 | D        | Gained mutation: Potions are less effective at restoring
                  | your health. [potion of mutation]
    88 | D        | Gained mutation: You are somewhat resistant to further
                  | mutation. [potion of mutation]
    89 | D        | Lost mutation: You are somewhat resistant to further
                  | mutation. [potion of mutation]
    89 | D        | Lost mutation: Potions are less effective at restoring your
                  | health. [potion of mutation]
    89 | D        | Gained mutation: Your muscles are strong. (Str +4, Int/Dex
                  | -1) [potion of mutation]
    89 | D        | Gained mutation: You are partially covered in iridescent
                  | scales. (AC +2) [potion of mutation]
    95 | D        | Noticed a water elemental
   103 | D        | Killed a water elemental
   104 | D        | Reached skill level 6 in Stealth
   104 | D        | Reached XP level 4. HP: 27/27 MP: 10/10
   105 | D        | Found a radiant altar of Vehumet.
   105 | D        | Found a shimmering blue altar of Sif Muna.
   105 | D        | Found an ancient bone altar of Kikubaaqudgha.
   105 | D        | Noticed a wizard
   109 | D        | Reached skill level 5 in Short Blades
   109 | D        | Reached skill level 5 in Dodging
   109 | D        | Reached XP level 5. HP: 31/31 MP: 11/11
   115 | D        | Reached skill level 7 in Stealth
   122 | D        | Found a glowing silver altar of Zin.
   122 | D        | Found a glowing golden altar of the Shining One.
   122 | D        | Found a white marble altar of Elyvilon.
   123 | D        | Noticed a deep elf pyromancer
   125 | D        | Killed from afar by a deep elf pyromancer

Illustrated notes

Levels and vault maps discovered:
D:        dungeon_sprint_mu [sprint_mu_entry_cave, sprint_mu_temple_rooms,
          sprint_mu_d1_horrors, sprint_mu_d2_genie, sprint_mu_d3_branching,
          sprint_mu_orc_legion, sprint_mu_elf_gauntlet, sprint_mu_hive_nellie,
          sprint_mu_lair_fedhas, sprint_mu_vaults_butterflies,
          sprint_mu_slime_circle, sprint_mu_shoals_archi,
          sprint_mu_snake_twists, sprint_mu_blade_basic,
          sprint_mu_crypt_chambers, sprint_mu_tomb_spiral,
          sprint_mu_vestibule_basic, sprint_mu_gehenna_hellfire,
          sprint_mu_dis_giant, sprint_mu_tartarus_statrot,
          sprint_mu_cocytus_islands, sprint_mu_zot1]

Skill      XL: |  1  2  3  4  5 |
---------------+----------------+-----
Stealth        | 4 6 7 |  7.6
Short Blades   | 2 4 5 |  5.4
Dodging        | 3 4 5 |  5.5
Conjurations   | 2 3 |  3.0
Summonings     | 2 |  2.0
Translocations | 2 |  2.0
Spellcasting   | 4 |  4.0

Action                     |  1- 3 |  4- 6 || total
---------------------------+-------+-------++-------
  Melee: Dagger            |    24 |     5 ||    29
         Tentacles         |     8 |       ||     8
         Constrict         |     1 |     1 ||     2
    Use: Potion            |     4 |       ||     4
   Stab: Sleeping          |     5 |     1 ||     6
         Invisible         |     1 |     2 ||     3
  Dodge: Dodged            |    11 |     1 ||    12

Table legend: (Time is in decaauts)
 A = Elapsed time spent in this place.
 B = Non-inter-level travel time spent in this place.
 C = Inter-level travel time spent in this place.
 D = Time resting spent in this place.
 E = Time spent auto-exploring this place.
 F = Levels seen in this place.
 G = Mean time per level.
                   A        B        C        D        E       F      G
               +--------+--------+--------+--------+--------+-----+--------+
         Total |    121 |    121 |      0 |      0 |      0 |   1 |  121.0 |
       Dungeon |    121 |    121 |      0 |      0 |      0 |   1 |  121.0 |
               +--------+--------+--------+--------+--------+-----+--------+

Top non-repeatable levels by time:
       D: 121 daAuts
